 Dungeon Crawl Stone Soup version 0.31-a0-187-gba352fbbf7 (webtiles) character file.

Game seed: 17723675085005898911

99 qw the Shooter (level 4, -2/25 HPs)
             Began as a Deep Elf Hunter on June 22, 2023.
             Killed by nerve-wracking pain
             ... invoked by Grinder
              (13 damage)
             ... on level 3 of the Dungeon.
             The game lasted 00:00:30 (2034 turns).

qw the Shooter (Deep Elf Hunter)                    Turns: 2034, Time: 00:00:31

Health: -2/25      AC:  5    Str: 10    XL:     4   Next: 45%
Magic:  6/6        EV: 11    Int: 14    God:
Gold:   144        SH:  0    Dex: 18    Spells: 3/3 levels left

rFire   . . .        Y - +0 shortbow
rCold   . . .        (shield currently unavailable)
rNeg    . . .        g - +0 ring mail
rPois   .            (no helmet)
rElec   .            (no cloak)
rCorr   .            (no gloves)
SInv    .            (no boots)
Will    .....        (no amulet)
Stlth   +            (no ring)
HPRegen 0.24/turn    (no ring)
MPRegen 0.10/turn

%: no passive effects
@: no status effects
A: no striking features
a: no special abilities


You were on level 3 of the Dungeon.
You visited 1 branch of the dungeon, and saw 3 of its levels.

You collected 144 gold pieces.


   Skills:
 - Level 1.5 Fighting
 + Level 7.9 Ranged Weapons
 - Level 2.4 Dodging
 - Level 1.2 Stealth


You had 3 spell levels left.
You didn't know any spells.
Your spell library was empty.

Inventory:

Hand Weapons
 Y - a +0 shortbow (weapon)
Armour
 g - a +0 ring mail (worn)
Scrolls
 c - a scroll of identify
Potions
 a - 2 potions of curing
 b - a potion of degeneration {unknown}
 d - a potion of cancellation {unknown}
 f - a potion of haste {unknown}
 h - a potion of brilliance {unknown}
 j - a potion of heal wounds {unknown}

Dungeon Overview and Level Annotations

Branches:
Dungeon (3/15)

Altars:

Annotations:
D:3 Grinder


Message History

(D) Dungeon
Where to? (* - list waypoints, Enter - D:2, ? - help)
What level of the Dungeon? (default 1, ? - help)
There is a stone staircase leading down here.
You climb downwards.
The adder hisses angrily.
You hear a shout!
Found 11 gold pieces.
There is a stone staircase leading up here.
An adder is nearby!
Waypoint 2 assigned to D:3.
You shoot an arrow. The arrow hits the adder!
The adder is severely wounded.
You shoot an arrow. The arrow hits the adder.
You kill the adder!
Grinder comes into view.
You shoot an arrow.
The arrow hits Grinder but does no damage.
You shoot an arrow. The arrow closely misses Grinder.
Grinder hits you but does no damage.
You shoot an arrow. The arrow hits Grinder.
Grinder is lightly wounded.
Grinder hits you!
You writhe in agony.
1982 ||| STAIRDANCE Grinder blinks!
You climb upwards.
There is a stone staircase leading down here.
You start resting.
HP restored.
Done exploring.
(D) Dungeon
Where to? (* - list waypoints, Enter - D:3, ? - help)
What level of the Dungeon? (default 1, ? - help)
You climb downwards.
Level annotation: Grinder Grinder gestures at you.
Pain shoots through your body!
Ouch! That really hurt!
Grinder gestures at you. Pain shoots through your body!
Ouch! That really hurt!
You die...

#.## ...#
#..# #..#
#..# ..# #
#.#####.#5#
#......@..#
$##########


You could see Grinder.

Vanquished Creatures
  2 adders
  3 gnolls (D:2)
  2 dart slugs (D:1)
  4 ball pythons (D:1)
  2 bats (D:1)
  4 endoplasms
  5 giant cockroaches
  6 hobgoblins
  3 quokkas (D:1)
  4 frilled lizards
  2 goblins (D:1)
  6 kobolds
  2 rats
45 creatures vanquished.

Notes
Turn   | Place    | Note
-------+----------+-------------------------------------------
     0 | D:1      | qw the Deep Elf Hunter began the quest for the Orb.
     0 | D:1      | Reached XP level 1. HP: 12/12 MP: 3/3
     0 | D:1      | 0 ||| qw: Version: 0.3-a-9-g12657ce
     0 | D:1      | 0 ||| qw: Game counter: 2188
     0 | D:1      | 0 ||| qw: Always use a shield: true
     0 | D:1      | 0 ||| qw: God list: Okawaru
     0 | D:1      | 0 ||| qw: Allow faded altars: false
     0 | D:1      | 0 ||| qw: Do Orc after D:15 true
     0 | D:1      | 0 ||| qw: Do second Lair branch before Depths: true
     0 | D:1      | 0 ||| qw: Lair rune preference: random
     0 | D:1      | 0 ||| qw: Plans: Normal
     0 | D:1      | 0 ||| PLANNING D:1-11
   142 | D:1      | Found a faded altar of an unknown god.
   165 | D:1      | Reached XP level 2. HP: 16/16 MP: 4/4
   196 | D:1      | Reached skill level 6 in Ranged Weapons
   535 | D:1      | Reached XP level 3. HP: 20/20 MP: 5/5
   963 | D:1      | 963 ||| UPGRADING to +0 ring mail.
   973 | D:1      | 973 ||| DROPPING +0 leather armour.
   974 | D:1      | 974 ||| READING scroll labelled FIECINO NEMI.
  1075 | D:1      | 1075 ||| READING scroll labelled QUPTUE FOMAS.
  1080 | D:1      | 1080 ||| READING scroll labelled MOCORUHEUV.
  1081 | D:1      | 1081 ||| DROPPING scroll of butterflies.
  1259 | D:2      | Reached skill level 7 in Ranged Weapons
  1461 | D:2      | Reached XP level 4. HP: 25/25 MP: 6/6
  1961 | D:2      | 1961 ||| DROPPING ring of flight.
  1962 | D:2      | 1962 ||| READING 2 scrolls labelled KUFALI KIAGUD.
  1963 | D:2      | 1963 ||| READING scroll labelled HEMIZI DORUT.
  1964 | D:2      | 1964 ||| DRINKING 3 fuming golden potions.
  1978 | D:3      | Noticed Grinder
  1982 | D:3      | 1982 ||| STAIRDANCE
  2034 | D:3      | Killed from afar by Grinder

Levels and vault maps discovered:
D:1:      shiori_arrival_elements, layout_loops_corners,
          shapermc_ecumenical_altar_venn, kennysheep_flooded_box
D:2:      layout_basic, hangedman_abyss_or_decor_stabs, minmay_door_square
D:3:      layout_basic, grunt_temple_overflow_magic_moments,
          okawaru_ov_weapons_minmay, uniq_ijyb, uniq_grinder, uniq_jessica

Skill      XL: |  1  2  3 |
---------------+----------+-----
Ranged Weapons | 6 7 |  7.9
Fighting       | |  1.5
Dodging        | |  2.4
Stealth        | |  1.2

Action                     |  1- 3 |  4- 6 || total
---------------------------+-------+-------++-------
   Fire: Shortbow          |    76 |    24 ||   100
    Use: Scroll            |     3 |     2 ||     5
         Potion            |       |     1 ||     1
 Armour: Leather armour    |     4 |       ||     4
         Ring mail         |     1 |     4 ||     5
  Dodge: Dodged            |    10 |     1 ||    11

Table legend:
 A = Non-vault XP
 B = Vault XP
 C = Vault XP percentage of total XP
 D = Non-vault monster count
 E = Vault monster count
 F = Vault count percentage of total count
                 A         B        C        D         E       F
            +---------+---------+-------+---------+---------+-------
      Total |     142 |       0 |   0.0 |      45 |       0 |   0.0
            +---------+---------+-------+---------+---------+-------
        D:1 |      51 |       0 |   0.0 |      27 |       0 |   0.0
        D:2 |      78 |       0 |   0.0 |      17 |       0 |   0.0
        D:3 |      13 |       0 |   0.0 |       1 |       0 |   0.0
            +---------+---------+-------+---------+---------+-------
